 Dungeon Crawl Stone Soup version 0.17-a0-1567-gdd419b1 (webtiles) character file.

323256 Chiseanne the Peltast (level 20, -11/166 HPs)
             Began as a Demonspawn Wanderer on July 22, 2015.
             Was an Initiate of Gozag.
             Killed from afar by a raiju (16 damage)
             ... with a living lightning
             ... on level 3 of the Abyss.
             The game lasted 03:53:32 (74512 turns).

Chiseanne the Peltast (Demonspawn Wanderer)        Turns: 74512, Time: 03:53:32

Health: -11/166    AC: 27    Str: 16      XL:     20   Next: 68%
Magic:  0/25       EV: 17    Int: 15 (18) God:    Gozag
Gold:   885        SH: 18    Dex: 13 (14) Spells: 0 memorised, 19 levels left

rFire  + + .     SeeInvis +     a - +4 double sword (slice)
rCold  . . .     Rnd*Rage +     k - +3 chain mail {rPois}
rNeg   + . .     SustAt   .     Z - +3 shield {reflect} {Donald}
rPois  +         Gourm    .     v - +2 helmet {SInv}
rElec  .         Spirit   +     S - +1 cloak of Koucrij {rF+}
rCorr  .         Warding  +     N - +2 pair of gloves {Str+3}
rMut   .         Stasis   .     (boots unavailable)
MR     +....                    L - amulet of warding
Stlth  ..........               y - ring "Qasosidgh" {AC+5 Int+3}
                                n - +4 ring of evasion

@: about to teleport, somewhat resistant to hostile enchantments, extremely
unstealthy
A: hooves 3, repulsion field 2, berserk 2, blurry vision 1, clumsy 2, deformed
body, deterioration 1, fire resistance 1, foul stench 2, low mp 1, slow healing
1, weak 1, magic shield, magic regeneration, magic link, no device heal 2, rot
immunity
a: Potion Petition, Call Merchant, Bribe Branch, Renounce Religion
}: 2/15 runes: barnacled, gossamer


You were on level 3 of the Abyss.
You worshipped Gozag.
Gozag was noncommittal.
You were not hungry.

You visited 8 branches of the dungeon, and saw 43 of its levels.
You visited the Abyss 1 time.
You visited 1 bazaar.
You also visited: Ice Cave.

You collected 19919 gold pieces.
You spent 4615 gold pieces at shops.
You paid 14419 gold pieces to Gozag.

Inventory:

Hand weapons
 a - a +4 double sword of slicing (weapon)
 d - the +1 scimitar of Ediq {freeze, rN+ MR+ Str+4 Int-2}
   (You found it on level 1 of the Spider Nest)

   It has been specially enchanted to freeze those struck by it, causing extra
   injury to most foes and up to half again as much damage against particularly
   susceptible opponents.
   It can also slow down cold-blooded creatures.
   It affects your strength (+4).
   It affects your intelligence (-2).
   It protects you from negative energy.
   It affects your resistance to hostile enchantments.
 e - a +1 morningstar of protection
 f - the +1 falchion of the Forest {flame, rElec Str+4 Int-4}
   (You found it on level 7 of the Dungeon)

   It has been specially enchanted to burn those struck by it, causing extra
   injury to most foes and up to half again as much damage against particularly
   susceptible opponents.
   Big, fiery blades are also staple armaments of hydra-hunters.
   It affects your strength (+4).
   It affects your intelligence (-4).
   It insulates you from electricity.
 s - a +2 war axe of electrocution
 w - a +0 blowgun
Missiles
 z - 4 curare-tipped needles
Armour
 k - a +3 chain mail of poison resistance (worn)
 v - a +2 helmet of see invisible (worn)
 N - a +2 pair of gloves of strength (worn)
 S - the +1 cloak of Koucrij (worn) {rF+}
   (You bought it in a shop on level 8 of the Dungeon)

   It protects you from fire.
 Z - a +3 shield of reflection (worn) {Donald}
Rods
 T - a +9 rod of destruction (17/17)
   (You found it on level 11 of the Dungeon)
Jewellery
 n - a +4 ring of evasion (left hand)
 p - the amulet of the Original Sin {Spirit rElec MP+9}
   (You found it on level 6 of the Dungeon)

   [amulet of guardian spirit]

   It causes incoming damage to be split between your health and magic.
   It insulates you from electricity.
   It affects your magic capacity (+9).
 y - the ring "Qasosidgh" (right hand) {AC+5 Int+3}
   (You found it on level 6 of the Lair of Beasts)

   [ring of protection]

   It affects your AC (+5).
   It affects your intelligence (+3).
 A - an uncursed ring of teleportation
 B - an uncursed ring of protection from fire
 H - an uncursed ring of flight
 L - an amulet of warding (around neck)
 M - an uncursed amulet of clarity
Magical devices
 g - a wand of teleportation (0)
 i - a wand of digging (4)
 u - a wand of paralysis (6)
 P - a wand of invisibility (2)
 V - a wand of disintegration (0)
Scrolls
 j - 16 scrolls of identify
 q - 4 scrolls of immolation
 r - 11 scrolls of remove curse
 x - a scroll of fog
 K - 3 scrolls of magic mapping
 Q - a scroll of recharging
 R - a scroll of blinking
Potions
 b - 5 potions of flight
 m - a potion of brilliance
 o - a potion of curing
 F - 3 potions of cancellation
Miscellaneous
 c - a sack of spiders
 h - a lamp of fire
 C - a stone of tremors
 D - a box of beasts {used: 7}
Comestibles
 l - 9 meat rations


   Skills:
 - Level 16.7 Fighting
 - Level 10.0 Long Blades
 * Level 8.2(8.3) Axes
   Level 1.7(5.4) Polearms
 - Level 1.0 Throwing
 - Level 15.3 Armour
 - Level 4.9 Dodging
 - Level 1.7 Stealth
 * Level 20.7 Shields
 - Level 11.3 Evocations


You had 19 spell levels left.
You didn't know any spells.

Dungeon Overview and Level Annotations

Branches:
Dungeon (15/15)            Temple (1/1) D:5            Lair (8/8) D:10
 Shoals (4/4) Lair:4       Spider (4/4) Lair:5        Slime (0/6) Lair:6
    Orc (4/4) D:12            Elf (3/3) Orc:3        Vaults (4/5) D:14
  Crypt (0/3) Vaults:2     Depths (0/5) D:15

Altars:
Ashenzari
Cheibriados
Dithmenos
Elyvilon
Fedhas
Gozag
Kikubaaqudgha
Makhleb
Nemelex Xobeh
Okawaru
Qazlal
Ru
Sif Muna
Trog
Vehumet
Xom
Yredelemnul
Zin
The Shining One
Jiyva

Shops:
D:8 }[[}(   D:10 *   D:14 [   Orc:4 }[?   Vaults:1 }   Vaults:2 [

Annotations:
D:8 exclusion: iron imp


Innate Abilities, Weirdness & Mutations

You have hooves in place of feet.
You are surrounded by a moderate repulsion field (EV +3).
Your flesh is heat resistant.
You frequently emit foul miasma when damaged in melee.
When hurt, damage is shared between your health and your magic reserves.
You regenerate magic rapidly.
When low on magic, you restore magic in place of health.
You are immune to rotting.
Armour fits poorly on your strangely shaped body.
[You often lose your temper in combat.]
[Scrolls take you a little longer to read.]
[You are very clumsy. (Dex -4)]
[Your body sometimes deteriorates upon taking damage.]
[Your magical capacity is low (-10% MP).]
[You heal slowly when monsters are visible.]
[You are weak. (Str -2)]
[Potions and wands are poor at restoring your health.]


Message History

The raiju looks sick.
The ice devil completely misses you.
The unseen horror hits you but does no damage.
The raiju bites you.
* * * LOW HITPOINT WARNING * * *
The raiju shocks you!
* * * LOW HITPOINT WARNING * * *
The raiju looks sick.
Drink which item? (? for menu, Esc to quit)
You feel better. You block the unseen horror's attack.
The raiju bites you but does no damage.
The raiju looks sick.
The raiju bursts into living lightning!
The living lightning hits you!
* * * LOW HITPOINT WARNING * * *
The raiju blinks!
You block the ice devil's attack.
The unseen horror hits you but does no damage.
The raiju bursts into living lightning!
The living lightning hits the raiju.
The raiju completely resists.
The living lightning hits you!
You die...
Your body crumbles into a pile of gold.

#... . ####.. # ##....
......#.#..#... #
.##.....#. .....#.#...
#
..4....#......##3....#
# .
#..42§#......#...#. .
.# .#..e.2#........#.#
.# ..
......Wh###'###..#..#
. .#...hhhx3...####..#
## #....Xh@3h...# .# #
####'########... # ...
. .# . #.... . #. .
#.#.. #.#.. # #.. ...
#


You could see a cacodemon, a balrug, an ice devil, a deep elf demonologist, a
large abomination, a freezing wraith, an unseen horror (invisible), 6 raiju, a
chaos spawn and 2 red devils.

Vanquished Creatures
  Norris (Vaults:1)
  Arachne (Spider:4)
  Rupert (Lair:4)
  Asterion (Spider:3)
  2 sphinxes
  Polyphemus (Shoals:2)
  A tentacled starspawn (Abyss:3)
  Kirke (Lair:8)
  3 ghost moths (Spider:4)
  A tengu reaver (D:12)
  2 frost giants
  Donald (Orc:3)
  A fire giant (Vaults:4)
  A deep elf sorcerer (Elf:3)
  Maud (Orc:4)
  5 emperor scorpions (Spider:4)
  13 vault wardens
  18 ironheart preservers
  4 very ugly things
  3 stone giants
  A deep elf demonologist (Elf:3)
  4 salamander stormcallers
  A deep elf annihilator (Elf:3)
  Azrael (D:15)
  The ghost of Tyryt0 the Blocker, a powerful MiFi of Lugonu (D:11)
  An ettin (Vaults:2)
  Snorg (Orc:4)
  A merfolk javelineer (Shoals:4)
  8 vault guards
  8 yaktaur captains
  3 merfolk impalers
  Josephine (D:13)
  A fire dragon (D:12)
  6 entropy weavers
  2 deep elf high priests (Elf:3)
  2 great orbs of eyes
  Fannar (D:12)
  12 hydras
  A merfolk avatar (Shoals:2)
  2 catoblepae
  2 deep troll shamans (Vaults:4)
  An alligator snapping turtle (Shoals:3)
  7 centaur warriors
  15 ogre magi
  A merfolk aquamancer (Shoals:4)
  A satyr (Shoals:4)
  A thrashing horror (Abyss:3)
  12 death yaks
  Urug (D:11)
  Sonja (Lair:3)
  3 deep troll earth magi (Vaults:4)
  4 large abominations (Abyss:3)
  5 deep elf knights
  A wretched star (Abyss:3)
  3 shadow wraiths
  7 skeletal warriors
  9 deep trolls
  6 hill giants
  4 sea snakes
  2 giant orange brains (Vaults:4)
  A giant orange brain (shapeshifter) (Vaults:2)
  An ice statue (IceCv)
  A deep elf summoner (Vaults:1)
  4 flayed ghosts
  2 unseen horrors
  11 ironbrand convokers
  7 orc knights
  13 griffons
  The ghost of Nattefrost the Basher, an experienced DrBe of Trog (D:5)
  11 orb spiders
  An orb spider (shapeshifter) (Vaults:4)
  5 orc sorcerers
  3 wizards (D:14)
  8 deep elf conjurers
  26 wolf spiders
  An octopode (shapeshifter) (Elf:2)
  4 manticores
  3 fauns (Shoals:2)
  2 tengu skeletons (Vaults:2)
  A hornet (shapeshifter) (D:12)
  2 necromancers
  8 cyclopes
  A moth of wrath (Spider:2)
  50 ugly things
  A water nymph (Shoals:4)
  12 harpies
  A salamander (shapeshifter) (Vaults:4)
  8 hornets
  15 elephants
  A centaur zombie (D:13)
  A siren (Shoals:3)
  The ghost of runewalsh the Chiller, an experienced OpIE (D:7)
  A stone giant skeleton (Vaults:2)
  Maurice (D:8)
  A fire giant skeleton (Vaults:2)
  2 guardian serpents (shapeshifter)
  Joseph (D:10)
  15 vault sentinels
  2 guardian serpents
  17 spiny frogs
  3 gargoyles
  14 black mambas
  2 torpor snails
  A human zombie (Vaults:2)
  A kobold demonologist (D:14)
  2 efreet
  12 demonic crawlers
  7 deep elf priests
  5 fire drakes
  9 komodo dragons
  A two-headed ogre (shapeshifter) (Vaults:3)
  3 wind drakes
  9 trolls
  11 freezing wraiths
  A queen bee (shapeshifter) (Vaults:2)
  9 merfolk
  33 yaktaurs
  2 ancient zymes (Abyss:3)
  14 polar bears
  A harpy skeleton (D:14)
  A trapdoor spider zombie (D:14)
  25 slime creatures
  32 two-headed ogres
  2 centaur simulacra
  18 jumping spiders
  23 blink frogs
  3 boulder beetles
  2 water elementals
  3 snapping turtles
  6 wraiths
  58 yaks
  An ettin skeleton (Vaults:2)
  7 deep elf magi
  2 human simulacra (Vaults:2)
  6 hungry ghosts
  40 redbacks
  14 tarantellas
  10 trapdoor spiders
  A ynoxinul (Abyss:3)
  7 deep elf fighters
  A fire elemental (D:15)
  8 hippogriffs
  5 wyverns
  A basilisk (Lair:8)
  A human (D:9)
  3 small abominations
  2 hogs (Lair:8)
  A shadow (Abyss:3)
  2 vampire mosquitoes (Vaults:2)
  5 mottled dragons
  Menkaure (D:6)
  17 water moccasins
  4 insubstantial wisps (Abyss:3)
  2 wargs
  A soldier ant (D:10)
  25 wolves
  5 hell hounds (D:15)
  A deep troll skeleton (Vaults:2)
  33 spiders
  A soldier ant (shapeshifter) (Vaults:2)
  13 porcupines
  4 black bears
  6 phantoms
  4 sky beasts
  27 orc warriors
  10 ice beasts
  67 ogres
  A necrophage (D:6)
  An elf skeleton (Vaults:2)
  8 wasps
  A boggart (shapeshifter) (Vaults:4)
  4 boggarts (Vaults:2)
  10 crocodiles
  An orc skeleton (Vaults:2)
  3 big kobolds (D:14)
  20 centaurs
  27 giant frogs
  18 human skeletons
  A wyvern skeleton (D:7)
  A wyvern zombie (D:8)
  4 scorpions
  9 killer bees (D:10)
  11 wights
  4 electric eels
  A giant frog zombie (D:12)
  5 crimson imps
  5 jellies
  33 orc wizards
  31 orc priests
  A starcursed mass (Abyss:3)
  9 centaur skeletons
  2 quasits
  Ijyb (D:2)
  4 hounds
  11 iguanas
  2 giant frog skeletons
  16 worker ants
  28 sheep
  2 hound zombies
  3 worker ant zombies
  Robin (D:2)
  7 gnolls
  64 river rats
  A river rat (shapeshifter) (Vaults:4)
  3 shadow imps
  22 adders
  2 oozes (Lair:6)
  2 adder zombies
  2 worms
  9 giant geckos
  193 orcs
  A bat skeleton (D:5)
  26 hobgoblins
  5 quokkas
  4 ball pythons
  21 bats
  8 giant cockroaches
  3 giant gecko zombies
  5 giant newts
  27 goblins
  7 jackals
  23 kobolds
  A quokka skeleton (D:4)
  17 rats
  6 fungi
  7 plants
  A starspawn tentacle (Abyss:3)
1850 creatures vanquished.

Vanquished Creatures (collateral kills)
  An ironheart preserver (Vaults:4)
  3 merfolk javelineers (Shoals:4)
  A merfolk aquamancer (Shoals:4)
  A wolf spider (Vaults:4)
  A yaktaur (Vaults:4)
  A two-headed ogre (Vaults:4)
  An ogre (Vaults:4)
  5 river rats (Lair:2)
14 creatures vanquished.

Vanquished Creatures (others)
  A frost giant (Vaults:1)
  A merfolk javelineer (Shoals:4)
  A satyr (Shoals:2)
  A centaur warrior (Vaults:2)
  An ogre mage (Vaults:1)
  2 deep elf knights
  A wizard (D:15)
  An unseen horror (Vaults:1)
  A deep elf conjurer (Elf:2)
  An orb spider (Spider:3)
  4 harpies (Vaults:3)
  A cyclops (D:13)
  A wolf spider (Spider:1)
  An orc sorcerer (Vaults:3)
  4 yaktaurs
  A water elemental (D:15)
  A deep elf fighter (Elf:2)
  A deep elf mage (Vaults:3)
  2 humans (Lair:8)
  A wasp (D:15)
  4 centaurs (Vaults:1)
  A jelly (D:15)
  An adder (D:6)
  3 river rats (Lair:8)
  An orc (Vaults:3)
  A quokka (D:10)
  A rat (D:10)
  2 bushes
  3 fire vortices
  141 fungi
  63 plants
  5 starspawn tentacles (Abyss:3)
  5 starspawn tentacle segments (Abyss:3)
259 creatures vanquished.

Grand Total: 2123 creatures vanquished

Notes
Turn   | Place    | Note
--------------------------------------------------------------
     0 | D:1      | Chiseanne the Demonspawn Wanderer began the quest for the Orb.
     0 | D:1      | Chiseanne set off with: a +2 dagger, a potion of berserk rage, a scroll of teleportation, a +0 ring mail, a bread ration
     0 | D:1      | Reached XP level 1. HP: 18/18 MP: 1/1
   323 | D:1      | Gained mutation: When hurt, damage is shared between your health and your magic reserves. [demonic ancestry]
   323 | D:1      | Reached XP level 2. HP: 24/24 MP: 2/2
   560 | D:1      | Reached skill level 1 in Dodging
  1311 | D:2      | Gained mutation: You have large cloven feet. [demonic ancestry]
  1311 | D:2      | Reached XP level 3. HP: 26/29 MP: 3/3
  1379 | D:2      | Noticed Ijyb
  1415 | D:2      | Killed Ijyb
  2098 | D:2      | Reached XP level 4. HP: 37/37 MP: 4/4
  2239 | D:2      | Reached skill level 4 in Fighting
  2247 | D:2      | Reached skill level 1 in Shields
  2249 | D:2      | Noticed Robin
  2273 | D:2      | Killed Robin
  2325 | D:2      | Found a blossoming altar of Fedhas.
  2820 | D:2      | Found a sacrificial altar of Ru.
  3341 | D:3      | Reached XP level 5. HP: 42/42 MP: 5/5
  3384 | D:3      | Found a snail-covered altar of Cheibriados.
  3968 | D:3      | Gained mutation: You have hoof-like feet. [demonic ancestry]
  3968 | D:3      | Reached XP level 6. HP: 38/49 MP: 6/6
  4700 | D:3      | Found a shattered altar of Ashenzari.
  5095 | D:4      | Reached skill level 5 in Fighting
  5361 | D:4      | Reached XP level 7. HP: 56/56 MP: 7/7
  5891 | D:5      | Entered Level 5 of the Dungeon
  5939 | D:5      | Found Ecaodaru's Food Emporium.
  6023 | D:5      | Found a stormy altar of Qazlal.
  6064 | D:5      | Found a staircase to the Ecumenical Temple.
  6113 | D:5      | Found a burning altar of Makhleb.
  6219 | D:5      | Noticed Nattefrost's ghost (experienced DrBe)
  6249 | Temple   | Entered the Ecumenical Temple
  6318 | Temple   | Became a worshipper of Gozag Ym Sagoz the Greedy
  6357 | D:5      | Killed Nattefrost's ghost
  6357 | D:5      | Reached skill level 6 in Fighting
  6357 | D:5      | Gained mutation: You are immune to rotting. [demonic ancestry]
  6357 | D:5      | Reached XP level 8. HP: 33/65 MP: 1/8
  6723 | D:6      | Reached skill level 5 in Shields
  6968 | D:6      | Noticed Menkaure
  6979 | D:6      | Killed Menkaure
  6979 | D:6      | Reached skill level 7 in Fighting
  7868 | D:6      | Reached XP level 9. HP: 67/72 MP: 9/9
  7882 | D:6      | Reached skill level 5 in Armour
  7972 | D:6      | Got a smoking ruby amulet
  7995 | D:6      | Identified the amulet of the Original Sin {Spirit rElec MP+9} (You found it on level 6 of the Dungeon)
  8282 | D:6      | Reached skill level 8 in Fighting
  9088 | D:6      | Found a shadowy altar of Dithmenos.
  9340 | D:6      | Noticed a two-headed ogre
  9358 | D:6      | Killed a two-headed ogre
 10286 | D:7      | Reached skill level 9 in Fighting
 10313 | D:7      | Found a shimmering altar of Xom.
 10314 | D:7      | Found a shimmering altar of Xom.
 10319 | D:7      | Got a dazzling falchion
 10320 | D:7      | Identified the cursed +1 falchion of the Forest {flame, rElec Str+4 Int-4} (You found it on level 7 of the Dungeon)
 10380 | D:7      | Noticed runewalsh's ghost (experienced OpIE)
 10403 | D:7      | Killed runewalsh's ghost
 11165 | D:8      | Found a radiant altar of Vehumet.
 11172 | D:8      | Gained mutation: You may emit foul miasma when damaged in melee. [demonic ancestry]
 11172 | D:8      | Reached XP level 10. HP: 58/83 MP: 10/10
 11542 | D:8      | Found Uheic's Antique Armour Shoppe.
 11560 | D:8      | Bought a runed cloak for 108 gold pieces
 11573 | D:8      | Bought a shiny chain mail for 108 gold pieces
 11660 | D:8      | Noticed Maurice
 11664 | D:8      | Found Bepp's Antique Armour Shop.
 11672 | D:8      | Killed Maurice
 11725 | D:8      | Bought a runed ring mail for 100 gold pieces
 11785 | D:8      | Noticed a rust devil
 11949 | D:8      | Found a stormy altar of Qazlal.
 11949 | D:8      | Found Uddamywi's Gadget Emporium.
 12164 | D:8      | Noticed an orange demon
 12164 | D:8      | Found a burning altar of Makhleb.
 12271 | D:8      | Found Gizewan's Weapon Shop.
 12336 | D:8      | Found Itiussem's Gadget Shoppe.
 12600 | D:9      | Reached skill level 1 in Evocations
 13438 | D:10     | Entered Level 10 of the Dungeon
 13438 | D:10     | Noticed Joseph
 13453 | D:10     | Found Veosuss's Assorted Antiques.
 13652 | D:10     | Killed Joseph
 13846 | D:10     | Reached skill level 10 in Fighting
 14081 | D:10     | Bought 2 inky potions for 30 gold pieces
 14081 | D:10     | Bought a bubbling golden potion for 15 gold pieces
 14081 | D:10     | Bought a worn silver wand for 68 gold pieces
 14083 | D:10     | Bought a scroll of magic mapping for 59 gold pieces
 14083 | D:10     | Bought a potion of curing for 51 gold pieces
 14083 | D:10     | Bought a potion of agility for 68 gold pieces
 14083 | D:10     | Bought a scroll of remove curse for 51 gold pieces
 14352 | D:10     | Reached XP level 11. HP: 90/90 MP: 13/13
 15050 | D:10     | Found a staircase to the Lair.
 15911 | D:8      | Bought a blackened cloak for 237 gold pieces
 15922 | D:8      | Identified the +1 cloak of Koucrij {rF+} (You bought it in a shop on level 8 of the Dungeon)
 16034 | Lair:1   | Entered Level 1 of the Lair of Beasts
 16118 | Lair:1   | Found a frozen archway.
 16360 | IceCv    | Entered an ice cave
 17386 | IceCv    | Reached skill level 5 in Evocations
 17564 | IceCv    | Reached skill level 11 in Fighting
 17950 | IceCv    | Noticed an ice statue
 17963 | IceCv    | Gained mutation: You are surrounded by a mild repulsion field (EV +2). [demonic ancestry]
 17963 | IceCv    | Reached XP level 12. HP: 100/100 MP: 16/16
 18012 | IceCv    | Killed an ice statue
 18012 | IceCv    | Reached skill level 10 in Armour
 18431 | IceCv    | Noticed a death yak
 18449 | IceCv    | Killed a death yak
 18876 | IceCv    | Noticed a frost giant
 18876 | IceCv    | Noticed a death yak
 18886 | IceCv    | Killed a death yak
 18905 | IceCv    | Killed a frost giant
 20273 | Lair:2   | Reached skill level 10 in Shields
 21716 | Lair:3   | Noticed a six-headed hydra
 21726 | Lair:3   | Killed a one-headed hydra
 21846 | Lair:3   | Reached XP level 13. HP: 89/107 MP: 18/18
 21934 | Lair:3   | Noticed a five-headed hydra
 21937 | Lair:3   | Noticed Sonja
 22051 | Lair:3   | Killed a one-headed hydra
 22294 | Lair:3   | Reached skill level 12 in Fighting
 22478 | Lair:3   | Killed Sonja
 22908 | Lair:4   | Noticed Rupert
 22964 | Lair:4   | Killed Rupert
 23297 | Lair:4   | Found a radiant altar of Vehumet.
 23307 | Lair:4   | Identified Wosuuq's Compendium of Feathery Battle Magic (You found it on level 4 of the Lair of Beasts)
 23930 | Lair:4   | Found a staircase to the Shoals.
 24542 | Lair:5   | Found a hole to the Spider Nest.
 25795 | D:11     | Noticed an unseen horror
 25805 | D:11     | Killed an unseen horror
 25839 | D:12     | Found a glowing silver altar of Zin.
 25924 | D:12     | Found a labyrinth entrance.
 26546 | D:12     | HP: 1/163 [gargoyle/stone arrow (21)]
 26808 | D:10     | Noticed an unseen horror
 26840 | D:10     | Killed an unseen horror
 27040 | D:11     | Noticed Tyryt0's ghost (powerful MiFi)
 27147 | D:11     | Noticed a seven-headed hydra
 27777 | Lair:5   | Identified Foro's Volume of Fiery Conjuration (You found it on level 5 of the Lair of Beasts)
 28402 | Lair:6   | Found a runed door.
 28405 | Lair:6   | Found a viscous altar of Jiyva.
 28406 | Lair:6   | Found a staircase to the Slime Pits.
 28477 | Lair:6   | Got a wavering platinum ring
 28501 | Lair:6   | Identified the ring "Qasosidgh" {AC+5 Int+3} (You found it on level 6 of the Lair of Beasts)
 28732 | Lair:6   | Reached XP level 14. HP: 60/116 MP: 15/20
 29173 | Lair:6   | Reached skill level 13 in Armour
 31921 | Lair:8   | Entered Level 8 of the Lair of Beasts
 32568 | Lair:8   | HP: 5/118 [poisoned by a black mamba]
 32573 | Lair:8   | HP: 4/118 [poisoned by a black mamba]
 32579 | Lair:8   | HP: 2/118 [poisoned by a black mamba]
 33721 | Lair:8   | Reached skill level 10 in Evocations
 33725 | Lair:8   | Noticed Kirke
 33737 | Lair:8   | Noticed a sphinx
 33742 | Lair:8   | Killed Kirke
 34053 | Lair:8   | Reached skill level 14 in Armour
 34637 | Lair:8   | Identified a scroll of acquirement
 34937 | Lair:8   | Gained mutation: You are surrounded by a moderate repulsion field (EV +3). [demonic ancestry]
 34937 | Lair:8   | Reached XP level 15. HP: 80/124 MP: 22/22
 36181 | D:11     | Killed Tyryt0's ghost
 36224 | D:11     | Killed a one-headed hydra
 36266 | D:11     | Noticed Urug
 36308 | D:11     | Killed Urug
 36871 | D:11     | Identified a +0 rod of destruction (14/14) (You found it on level 11 of the Dungeon)
 37428 | D:12     | Found a runed door.
 37438 | D:12     | Noticed Fannar
 37479 | D:12     | Noticed a tengu reaver
 37480 | D:12     | Noticed a sphinx
 37898 | D:12     | Killed a tengu reaver
 37924 | D:12     | Killed a sphinx
 38446 | D:12     | Killed Fannar
 39069 | D:12     | Found a staircase to the Orcish Mines.
 39112 | Orc:1    | Entered Level 1 of the Orcish Mines
 40220 | Orc:3    | Found a staircase to the Elven Halls.
 40414 | Orc:3    | Noticed Donald
 40432 | Orc:3    | Killed Donald
 40633 | Orc:3    | Paralysed by an orc sorcerer for 5 turns
 41070 | Orc:4    | Entered Level 4 of the Orcish Mines
 41075 | Orc:4    | Paralysed by an orc sorcerer for 6 turns
 41084 | Orc:3    | Reached skill level 15 in Armour
 41398 | Orc:4    | Noticed Maud
 41431 | Orc:4    | Killed Maud
 41657 | Orc:4    | Found Loeph's Food Emporium.
 41851 | Orc:4    | Found Oggoi's Gadget Shoppe.
 42062 | Orc:4    | Found Pacs's Magic Scroll Boutique.
 42070 | Orc:4    | Found Mablepubb's Armour Emporium.
 42073 | Orc:4    | Noticed Snorg
 42074 | Orc:4    | Bought a scroll of enchant armour for 75 gold pieces
 42074 | Orc:4    | Bought a scroll of enchant armour for 75 gold pieces
 42074 | Orc:4    | Bought a scroll of holy word for 75 gold pieces
 42112 | Orc:4    | Killed Snorg
 42145 | Orc:4    | Bought a beef jerky for 16 gold pieces
 42145 | Orc:4    | Bought a beef jerky for 16 gold pieces
 42145 | Orc:4    | Bought a beef jerky for 16 gold pieces
 42145 | Orc:4    | Bought a beef jerky for 16 gold pieces
 42145 | Orc:4    | Bought a beef jerky for 16 gold pieces
 42145 | Orc:4    | Bought a royal jelly for 22 gold pieces
 42158 | Orc:4    | Bought a scroll of recharging for 95 gold pieces
 42158 | Orc:4    | Bought a scroll of identify for 20 gold pieces
 42158 | Orc:4    | Bought 3 scrolls of recharging for 285 gold pieces
 42172 | Orc:4    | Bought a +0 pair of gloves of strength for 172 gold pieces
 42750 | D:13     | Noticed Josephine
 42766 | D:13     | Killed Josephine
 42784 | D:12     | Gained mutation: You frequently emit foul miasma when damaged in melee. [demonic ancestry]
 42784 | D:12     | Reached XP level 16. HP: 39/133 MP: 11/24
 43373 | D:14     | Found Otakliwy's Antique Armour Emporium.
 43379 | D:14     | Bought a runed helmet for 121 gold pieces
 43395 | D:14     | Bought a faintly glowing leather armour for 189 gold pieces
 43409 | D:14     | Identified the +3 leather armour of the Quahog {+Inv rElec rCorr MP+9} (You bought it in a shop on level 14 of the Dungeon)
 43415 | D:14     | Bought a brightly glowing buckler for 256 gold pieces
 43426 | D:14     | Identified the +3 buckler of the Good {MP+9 Str+4} (You bought it in a shop on level 14 of the Dungeon)
 43824 | D:14     | Identified the Grimoire of Sand (You found it on level 14 of the Dungeon)
 43833 | D:15     | Entered Level 15 of the Dungeon
 43836 | D:15     | Noticed Azrael
 43894 | D:15     | Killed Azrael
 44235 | D:15     | Paralysed by an orc sorcerer for 3 turns
 45540 | D:15     | Found a staircase to the Depths.
 45899 | D:14     | Identified Ts'ui Pên's Volume of Forking Paths
 45914 | D:14     | Identified Pepuzudah's Volume of Combed Thunderclap
 46041 | D:14     | Found a gate to the Vaults.
 46759 | Spider:1 | Entered Level 1 of the Spider Nest
 48518 | Spider:1 | Got a smoking scimitar
 48519 | Spider:1 | Identified the cursed +1 scimitar of Ediq {freeze, rN+ MR+ Str+4 Int-2} (You found it on level 1 of the Spider Nest)
 49799 | Spider:3 | Noticed Asterion
 49801 | Spider:3 | Reached skill level 15 in Fighting
 49808 | Spider:3 | Killed Asterion
 50408 | Orc:4    | Bought a bread ration for 55 gold pieces
 50408 | Orc:4    | Bought a meat ration for 55 gold pieces
 50408 | Orc:4    | Bought a meat ration for 55 gold pieces
 50408 | Orc:4    | Bought a meat ration for 55 gold pieces
 50408 | Orc:4    | Bought a bread ration for 55 gold pieces
 50408 | Orc:4    | Bought a meat ration for 55 gold pieces
 50408 | Orc:4    | Bought a bread ration for 55 gold pieces
 50865 | D:5      | Bought a slice of pizza for 16 gold pieces
 50865 | D:5      | Bought a royal jelly for 22 gold pieces
 50865 | D:5      | Bought a meat ration for 55 gold pieces
 50865 | D:5      | Bought a meat ration for 55 gold pieces
 50865 | D:5      | Bought a slice of pizza for 16 gold pieces
 50865 | D:5      | Bought a beef jerky for 16 gold pieces
 50865 | D:5      | Bought a meat ration for 55 gold pieces
 50865 | D:5      | Bought a bread ration for 55 gold pieces
 50865 | D:5      | Bought a beef jerky for 16 gold pieces
 50865 | D:5      | Bought a bread ration for 55 gold pieces
 50865 | D:5      | Bought a bread ration for 55 gold pieces
 50865 | D:5      | Bought a meat ration for 55 gold pieces
 51426 | Spider:2 | Reached skill level 15 in Shields
 52051 | Spider:4 | Entered Level 4 of the Spider Nest
 52591 | Spider:4 | Gained mutation: Your flesh is heat resistant. [demonic ancestry]
 52591 | Spider:4 | Reached XP level 17. HP: 59/142 MP: 16/25
 54089 | Spider:4 | Reached skill level 16 in Shields
 54876 | Spider:4 | Got a gossamer rune of Zot
 54941 | Spider:4 | Noticed Arachne
 55012 | Spider:4 | Killed Arachne
 55598 | Shoals:1 | Entered Level 1 of the Shoals
 55709 | Shoals:2 | Noticed Polyphemus
 55765 | Shoals:2 | Killed Polyphemus
 56947 | Shoals:4 | Entered Level 4 of the Shoals
 57557 | Shoals:4 | Reached skill level 17 in Shields
 58333 | Shoals:4 | Got a barnacled rune of Zot
 59185 | Vaults:1 | Entered Level 1 of the Vaults
 59237 | Vaults:1 | Gained mutation: You regenerate magic rapidly. [demonic ancestry]
 59237 | Vaults:1 | Reached XP level 18. HP: 153/153 MP: 26/26
 60188 | Vaults:1 | HP: 6/153 [frost giant/battleaxe of freezing (4)]
 60299 | Vaults:1 | Reached skill level 1 in Long Blades
 60898 | Vaults:1 | Found Hodaom's Gadget Boutique.
 61229 | Vaults:1 | Noticed Norris
 61234 | Vaults:1 | Paralysed by Norris for 4 turns
 61240 | Vaults:1 | Paralysed by Norris for 4 turns
 61963 | Vaults:1 | Killed Norris
 62158 | Vaults:1 | Reached skill level 18 in Shields
 62830 | Vaults:2 | Reached skill level 5 in Long Blades
 63218 | Vaults:2 | Found a staircase to the Crypt.
 64136 | Vaults:2 | Paralysed by an ogre mage for 4 turns
 65429 | Vaults:2 | Gained mutation: When low on magic, you restore magic in place of health. [demonic ancestry]
 65429 | Vaults:2 | Reached XP level 19. HP: 139/159 MP: 27/27
 65814 | Vaults:2 | Found Vawkueshra's Armour Emporium.
 65882 | Vaults:2 | Bought a +2 pair of boots of stealth for 451 gold pieces
 66681 | Vaults:2 | Found a gateway to a bazaar.
 66686 | Bazaar   | Entered a bazaar
 66690 | Bazaar   | Found Jufiqag's Jewellery Boutique.
 66708 | Bazaar   | Found Qireh's Antique Weapon Emporium.
 66725 | Bazaar   | Found Dewnu's Book Boutique.
 66742 | Bazaar   | Found Pyhutroi's Food Shoppe.
 66798 | Bazaar   | Bought an uncursed ring of flight for 192 gold pieces
 66816 | Bazaar   | Bought a meat ration for 55 gold pieces
 66816 | Bazaar   | Bought a royal jelly for 22 gold pieces
 66816 | Bazaar   | Bought a meat ration for 55 gold pieces
 66816 | Bazaar   | Bought a beef jerky for 16 gold pieces
 66816 | Bazaar   | Bought a bread ration for 55 gold pieces
 66816 | Bazaar   | Bought a beef jerky for 16 gold pieces
 66816 | Bazaar   | Bought a meat ration for 55 gold pieces
 66816 | Bazaar   | Bought a beef jerky for 16 gold pieces
 66816 | Bazaar   | Bought a meat ration for 55 gold pieces
 66816 | Bazaar   | Bought a beef jerky for 16 gold pieces
 66816 | Bazaar   | Bought a meat ration for 55 gold pieces
 67066 | Vaults:3 | Reached skill level 19 in Shields
 69512 | Vaults:4 | Reached skill level 10 in Long Blades
 69678 | Vaults:4 | Reached skill level 1 in Axes
 70335 | Vaults:4 | Gained mutation: You have hooves in place of feet. [demonic ancestry]
 70335 | Vaults:4 | Reached XP level 20. HP: 166/166 MP: 28/28
 70522 | Vaults:4 | Reached skill level 20 in Shields
 70572 | Vaults:4 | Reached skill level 5 in Axes
 73128 | D:10     | Bought a sack of spiders for 340 gold pieces
 73293 | Elf:1    | Entered Level 1 of the Elven Halls
 73662 | Elf:3    | Entered Level 3 of the Elven Halls
 73749 | Elf:3    | Cast into the Abyss (a deep elf demonologist)
 73751 | Abyss:1  | Found a corrupted altar of Lugonu.
 73831 | Abyss:1  | Gained mutation: Armour fits poorly on your strangely shaped body. [a neqoxec]
 73848 | Abyss:1  | Found a corrupted altar of Lugonu.
 73848 | Abyss:1  | Found a corrupted altar of Lugonu.
 74139 | Abyss:3  | Paralysed by accursed screaming for 2 turns
 74144 | Abyss:3  | Paralysed by accursed screaming for 2 turns
 74364 | Abyss:3  | Found a corrupted altar of Lugonu.
 74512 | Abyss:3  | HP: 5/166 [raiju/living lightning (10)]
 74512 | Abyss:3  | Killed from afar by a raiju

Vault maps used:
D:1:      dpeg_arrival_tiny_a, minmay_gold_behind_fungi
D:2:      lemuel_doored_altar, nicolae_ru_path_of_blood, uniq_robin, uniq_iyjb
D:3:      cheibriados_altar_wand_db, ashenzari_altar_1
D:4:      minmay_opposing_rooms, serial_curves, eino_curves_01, eino_curves_04
D:5:      bloody_makhleb, minmay_temple_entry_statues_pillars, serial_shops,
          shop_fountains, first_bread, nicolae_qazlal_general_emergency
D:6:      nicolae_dithmenos_through_a_glass_darkly, minmay_divided_ellipse,
          uniq_menkaure
D:7:      xom_redecorated, serial_glass, glass_columns_a, glass_columns_a,
          feat_on_display, feat_on_display
D:8:      nicolae_overflow_crystal_walls, serial_shops, kennysheep_mini_moat,
          nicolae_shop_trees, shop, shop, shop, basic_altar,
          lemuel_hellish_altar, uniq_maurice
D:9:      grunt_livestock
D:10:     due_lair_maze_entry_diamond, serial_shops, shop, uniq_joseph
D:11:     grunt_tough_drop, uniq_urug
D:12:     erik_orc_2, lab_entry_generic, basic_altar, minmay_hidden_floor,
          uniq_fannar
D:13:     nrook_guardian_serpent_ordinary, uniq_josephine
D:14:     david_vaults_5, hangedman_abyss_or_decor_stagger,
          bh_hangedman_babel_library
D:15:     grunt_enter_depths_magical_seal, uniq_azrael
Temple:   triangle_lava_temple_12
Lair:1:   portal_ice_cave_entry_ice_beasts, beast_lair_carwin_5
Lair:2:   serial_bayou_lake_a
Lair:3:   uniq_sonja
Lair:4:   minmay_shoals_entry_beasts, basic_altar, uniq_rupert
Lair:5:   spider_nest_entry_rubble, infiniplex_staircase_pool_2
Lair:6:   slime_altar_2, minivault_27, st_stairs_12, serial_bayou_pond_d,
          serial_bayou_shore_a
Lair:8:   hangedman_lair_tendril_chambers, hangedman_lair_in_review,
          lemuel_fruit_fields, uniq_kirke
Shoals:1: nicolae_shoals_mertower, uniq_louise
Shoals:2: uniq_polyphemus, uniq_aizul
Shoals:4: shoals_end_simple, shoals_ilsuiw_alternative,
          nicolae_shoals_seven_spires
Spider:1: special_room
Spider:2: nicolae_spider_hall_of_the_moth_king, nicolae_spider_cling_ruins
Spider:3: nicolae_spider_mines_1, nicolae_spider_circle_web,
          hangedman_spider_tarantella_strand, uniq_asterion
Spider:4: guppyfry_spider_rune, uniq_arachne
Orc:1:    nicolae_orc_tapped_out
Orc:3:    nicolae_orc_pool_cavern, uniq_donald
Orc:4:    st_orc_open, uniq_maud, uniq_snorg
Elf:1:    hangedman_elf_disciples
Elf:2:    serial_shops, nicolae_shop_trees
Elf:3:    minmay_elf_hall_quartered_circle, sword_in_stone
Vaults:1: v_misc_17, nicolae_vaults_angled_halls, st_lines, v_misc_15,
          v_misc_17, grunt_vaults_twisty, v_rooms_4, vaults_dpeg_hooks,
          ontoclasm_vaults_pinch, v_alt_pattern_3,
          hangedman_vaults_stretched_pinwheel, v_misc_13, uniq_norris
Vaults:2: ontoclasm_vaults_misaligned, hangedman_vaults_cutoff,
          minmay_crypt_entry_skeletal_spiral, nicolae_vaults_little_squares_5,
          nicolae_vaults_circle_grid_a, hangedman_vaults_river_flow,
          vaults_room_pools, vaults_mumra_lcd, vaults_mumra_hexcomb, v_misc_22,
          v_rooms_5, v_pattern_3, v_misc_13, nicolae_vaults_little_squares_4,
          nicolae_vaults_asterisk, vaults_dpeg_ring, serial_shops,
          bzr_entry_road
Vaults:3: v_misc_3, vaults_mumra_hex, v_pattern_4, vaults_standard_mumra_lines,
          ontoclasm_vaults_shout, grunt_vaults_swirl, v_misc_24,
          grunt_vaults_funnel, vaults_dpeg_spiral,
          nicolae_vaults_little_squares_5, vaults_room_hallway
Vaults:4: ontoclasm_vaults_misaligned, vaults_room_fours, kb_rosetta, v_misc_16,
          ontoclasm_vaults_ring_small, dpeg_vaults_monster_row,
          nicolae_vaults_little_squares_6, ontoclasm_vaults_gateway, v_misc_19,
          hangedman_vaults_stitches, v_misc_12, v_misc_18,
          vaults_standard_mumra_x
Abyss:3:  evilmike_abyss_exit_smiterflies
Bazaar:   bazaar_jpeg_circle_common
IceCv:    ice_cave_caverns_01

Action                   |  1- 3 |  4- 6 |  7- 9 | 10-12 | 13-15 | 16-18 | 19-21 || total
-------------------------+-------+-------+-------+-------+-------+-------+-------++-------
Melee: Dagger            |   228 |   318 |       |       |       |       |       ||   546
       Hand axe          |       |    13 |   386 |   328 |   652 |   112 |       ||  1491
       Morningstar       |       |       |    11 |    40 |   130 |       |       ||   181
       Short sword       |       |       |       |   839 |  1871 |       |       ||  2710
       War axe           |       |       |       |    14 |       |       |   325 ||   339
       Falchion          |       |       |       |   158 |    85 |    21 |    26 ||   290
       Mace              |       |       |       |     3 |       |       |       ||     3
       Double sword      |       |       |       |       |   328 |  2382 |   763 ||  3473
       Scimitar          |       |       |       |       |       |       |   124 ||   124
 Fire: Hunting sling     |       |    81 |    91 |    68 |    12 |       |       ||   252
       Blowgun           |       |       |       |       |    14 |     4 |       ||    18
Throw: Throwing net      |       |       |       |       |     1 |       |       ||     1
Invok: Potion Petition   |       |       |     1 |     2 |    11 |     5 |     6 ||    25
       Call Merchant     |       |       |       |       |       |     3 |       ||     3
 Abil: Evoke Invisibilit |       |       |       |     2 |     4 |       |       ||     6
Evoke: Wand              |       |       |       |     9 |    39 |    23 |    11 ||    82
       Rod               |       |       |       |       |     7 |    92 |    41 ||   140
       Lamp of fire      |       |       |       |       |       |     1 |     1 ||     2
       Box of beasts     |       |       |       |       |       |       |     7 ||     7
  Use: Potion            |     1 |     1 |     7 |     6 |    10 |    13 |     8 ||    46
       Scroll            |       |    12 |    12 |    14 |    20 |    27 |    10 ||    95
 Stab: Sleeping          |     1 |       |       |       |       |       |       ||     1
       Invisible         |       |       |       |    12 |    16 |     3 |       ||    31
       Distracted        |       |       |       |     7 |    18 |    12 |     5 ||    42
       Confused          |       |       |       |       |     3 |       |       ||     3
       Paralysed         |       |       |       |       |       |     2 |       ||     2
  Eat: Chunk             |     5 |    10 |     4 |       |       |       |       ||    19
       Bread ration      |       |       |     3 |     5 |    10 |     9 |     3 ||    30
       Fruit             |       |       |     1 |     3 |     9 |     3 |       ||    16
       Beef jerky        |       |       |     3 |     3 |     5 |     7 |     5 ||    23
       Pizza             |       |       |       |    10 |     1 |     4 |       ||    15
       Meat ration       |       |       |       |       |     5 |     6 |     4 ||    15
       Royal jelly       |       |       |       |       |     1 |     1 |     1 ||     3
